 Dungeon Crawl Stone Soup version 0.29.1-2-gbd0b4ee654 (webtiles) character file.

Game seed: 14491631054733877795

89 Eitelfritz the Chopper (level 4, 0/60 HPs)
             Began as a Hill Orc Fighter on Nov 20, 2022.
             Succumbed to an adder's poison
             ... on level 3 of the Dungeon.
             The game lasted 00:06:08 (2388 turns).

Eitelfritz the Chopper (Hill Orc Fighter)           Turns: 2388, Time: 00:06:08

Health: 0/60       AC: 22    Str: 20    XL:     4   Next: 55%
Magic:  4/4        EV:  2    Int:  6    God:
Gold:   138        SH:  4    Dex: 10    Spells: 3/3 levels left

rFire   + . .      SeeInvis .   a - +0 war axe
rCold   + . .      Faith    .   q - +0 buckler
rNeg    . . .      Spirit   .   (body armour currently unavailable)
rPois   +          Reflect  .   (helmet currently unavailable)
rElec   +          Harm     .   (cloak currently unavailable)
rCorr   +          Rampage  .   (gloves currently unavailable)
Will    .....      NoTele   +   (boots currently unavailable)
Stlth   +.........              (no amulet)
HPRegen 0.20/turn               (no ring)
MPRegen 0.09/turn               (no ring)

@: brilliant, lethally poisoned (0 -> -6), tree-form, resistant
A: stationary, stasis, torment immunity, boosted hp, (talons 1), dopey 1
a: no special abilities


You were on level 3 of the Dungeon.
You were a tree.
You visited 1 branch of the dungeon, and saw 3 of its levels.

You collected 138 gold pieces.

Inventory:

Hand Weapons
 a - a +0 war axe (weapon)
 b - a +0 sling
 c - a +0 morningstar
Missiles
 i - 35 stones (quivered)
Armour
 h - a +0 plate armour
 k - a +0 scale mail (melded)
 n - a +0 pair of gloves (melded)
 q - a +0 buckler (worn)
Jewellery
 l - an amulet of guardian spirit
 o - an amulet of the acrobat
Scrolls
 e - 2 scrolls of poison {unknown}
 j - 2 scrolls of teleportation {unknown}
 m - 3 scrolls of identify {unknown}
Potions
 d - a potion of might
 f - a potion of resistance
 g - a potion of lignification
 r - a potion of curing {unknown}
 s - a potion of brilliance


   Skills:
 + Level 3.9 Fighting
 + Level 4.3 Axes
 + Level 4.2 Armour
 + Level 0.3 Dodging
 + Level 3.7 Shields


You had 3 spell levels left.
You didn't know any spells.
Your spell library was empty.

Dungeon Overview and Level Annotations

Branches:
Dungeon (3/15)

Altars:
Wu Jian
Xom


Innate Abilities, Weirdness & Mutations

You are a tree.
Your roots penetrate the ground, keeping you stationary.
You cannot be teleported.
You are immune to unholy pain and torment.
Your maximum health is greatly increased.
Your equipment is partially melded.
((You have sharp toenails.))
You are dopey. (Int -2)


Message History

The adder bites you but does no damage. The kobold hits you but does no damage.
You hit the adder.
The adder is severely wounded.
You slash the kobold!
You kill the kobold!
You feel very sick. The adder bites you.
You are more poisoned.
The adder poisons you! The adder completely misses you.
You miss the adder.
The adder is severely wounded.
You feel very sick.
The adder bites you but does no damage. x2
You barely miss the adder.
The adder is severely wounded.
* * * LOW HITPOINT WARNING * * *
You feel very sick. The adder bites you.
* * * LOW HITPOINT WARNING * * *
You are more poisoned.
The adder poisons you! The adder closely misses you.
It was a potion of resistance.
You feel protected.
* * * LOW HITPOINT WARNING * * *
You feel very sick. The adder closely misses you.
It was a potion of lignification.
You turn into a tree.
Your +0 pair of gloves melds into your body.
Your +0 scale mail melds into your body.
Your roots penetrate the ground.
* * * LOW HITPOINT WARNING * * *
You feel sick. The adder bites you.
* * * LOW HITPOINT WARNING * * *
It was a potion of brilliance.
You feel clever all of a sudden.
* * * LOW HITPOINT WARNING * * *
You feel sick.
The adder bites you but does no damage. x2
It was a potion of mutation.
You feel extremely strange.
You feel stupid.
Your toenails lengthen and sharpen.
You die...

#######.#.####
########....)........
........########..###
#...###.# #..# ##.
#.# #..# #..##
##.########..# #
#....##............#
#..)#.†........
#.S♣..........
##..##........
#####........
......... .........
......... .......
##..^≈


You could see an adder.

Vanquished Creatures
  3 adders
  7 dart slugs
  An orc (D:3)
  A ball python (D:2)
  5 endoplasms
  2 goblins (D:2)
  5 hobgoblins
  3 quokkas
  5 bats
  6 frilled lizards
  5 kobolds
  7 rats
50 creatures vanquished.

Notes
Turn   | Place    | Note
-------+----------+-------------------------------------------
     0 | D:1      | Eitelfritz the Hill Orc Fighter began the quest for the
                  | Orb.
     0 | D:1      | Reached XP level 1. HP: 19/19 MP: 1/1
   291 | D:1      | Reached XP level 2. HP: 14/27 MP: 2/2
   916 | D:1      | Reached XP level 3. HP: 28/33 MP: 3/3
  1180 | D:2      | Found an ornate altar of the Wu Jian Council.
  1191 | D:2      | Reached XP level 4. HP: 35/40 MP: 4/4
  1998 | D:3      | Found a faded altar of an unknown god.
  2233 | D:3      | Found a shimmering altar of Xom.
  2233 | D:3      | Found a shimmering altar of Xom.
  2234 | D:3      | Found a shimmering altar of Xom.
  2234 | D:3      | Found a shimmering altar of Xom.
  2235 | D:3      | Found a shimmering altar of Xom.
  2236 | D:3      | Found a shimmering altar of Xom.
  2386 | D:3      | HP: 3/60 [adder (2)]
  2387 | D:3      | HP: 1/60 [poisoned by an adder]
  2388 | D:3      | Gained mutation: You are dopey. (Int -2) [potion of
                  | mutation]
  2388 | D:3      | Gained mutation: You have sharp toenails. [potion of
                  | mutation]
  2388 | D:3      | Succumbed to an adder's poison

Illustrated notes

Levels and vault maps discovered:
D:1:      heliophobic_arrival_enchanted_forest, layout_basic
D:2:      layout_basic, basic_altar
D:3:      layout_basic, xom_redecorated, gammafunk_temple_overflow_wave,
          basic_ecumenical_altar, minmay_cupped

Skill      XL: |  1  2  3  4 |
---------------+-------------+-----
Axes           | 3 4 |  4.3
Armour         | 4 |  4.2
Fighting       | |  3.9
Dodging        | |  0.3
Shields        | |  3.7

Action                   |  1- 3 |  4- 6 || total
-------------------------+-------+-------++-------
Melee: War axe           |    87 |    40 ||   127
  Use: Potion            |       |     4 ||     4
Armor: Scale mail        |    41 |    23 ||    64
       Skin              |       |     2 ||     2
Dodge: Dodged            |    51 |    17 ||    68
Block: Buckler           |    13 |     8 ||    21
